Map: Estaleiro Orbital

Players

Kelazhur - Winner!

  • Race: Terran Terran
  • League: Grandmaster

Light (SpeCial)

  • Race: Terran Terran
  • League: Master

Event: Copa America 2016 Season 1

VOD

Have the link to the VOD?

Description

Time

  • Played on: Feb. 17, 2016, 6:42 p.m.
  • Length: 4:10

All games in this series

Show
View Real Time Build Order
Export as new Build Order

Kelazhur Terran - Winner!

Build Orders:  

Get SALT Encoding   

  12  0:08  Supply Depot  
  12  0:13  SCV  
  13  0:31  Barracks  
  13  0:37  Refinery  
  13  0:53  Barracks  
  13  0:58  SCV  
  14  1:10  SCV  
  15  1:21  Reaper  
  16  1:27  Orbital Command  
  16  1:41  Reaper  
  17  1:51  Supply Depot  
  17  1:55  SCV  
  17  1:58  Reaper  
  19  2:07  SCV  
  19  2:15  Reaper  
  19  2:20  SCV  
  21  2:34  SCV  
  21  2:37  Reaper  
  23  2:42  Command Center  
  23  2:56  Reaper  
  23  2:58  SCV  
  25  3:01  Refinery  
  25  3:10  Supply Depot, SCV  
  25  3:22  SCV  
  25  3:28  Reaper  
  26  3:34  SCV  
  26  3:46  SCV  
Show
View Real Time Build Order
Export as new Build Order

Light Terran 

Build Orders:  

Get SALT Encoding   

  12  0:00  SCV  
  13  0:13  SCV  
  14  0:17  Supply Depot  
  14  0:25  SCV  
  15  0:39  SCV  
  15  0:40  Barracks  
  16  0:44  Refinery  
  16  0:51  SCV  
  17  1:03  SCV  
  18  1:15  SCV  
  19  1:28  Reaper, Orbital Command  
  20  1:37  Bunker  
  20  1:40  Bunker  
  20  1:54  SCV  
  20  2:00  Marine  
  22  2:06  SCV  
  22  2:09  Factory  
  22  2:18  Marine  
  22  2:21  Supply Depot  
  23  2:42  SCV, Marine  
  23  2:54  Command Center  
  23  2:56  Hellion  
  23  2:59  SCV  
  23  3:01  Marine  
  25  3:11  SCV  
  26  3:19  Marine  
  27  3:24  SCV  
  23  3:33  Hellion  
  24  3:37  Marine  
  24  3:39  SCV  
  20  3:53  SCV  
Tags
 
Add a new tag
Caveats
  • Supply blocks, unpowered buildings, or Contaminate may cause inaccurate times.
  • Supply counts are checked every 10 seconds.